 Dungeon Crawl Stone Soup version 0.13.1-22-g086cdba (webtiles) character file.

187 Nicoed the Ducker (level 4, -2/36 HPs)
             Began as a Demonspawn Fighter on Jan 3, 2014.
             Slain by Sigmund
             ... wielding a cursed -1,+0 scythe
              (8 damage)
             ... on Level 3 of the Dungeon.
             The game lasted 00:07:53 (1710 turns).

Nicoed the Ducker (Demonspawn Fighter)              Turns: 1710, Time: 00:07:53

HP  -2/36        AC 15     Str 17      XL: 4   Next: 29%
MP   2/2         EV  4     Int 10      God:
Gold 99          SH 17     Dex 12      Spells:  0 memorised,  3 levels left

Res.Fire  : + + .   See Invis. : .   o - +0,-2 mace (curse)
Res.Cold  : . . .   Warding    : .   e - +0 chain mail
Life Prot.: . . .   Conserve   : .   c - +0 shield (curse)
Res.Poison: +       Res.Corr.  : .   (no helmet)
Res.Elec. : +       Clarity    : .   f - +2 elf cloak
Sust.Abil.: . .     Spirit.Shd : .   (no gloves)
Res.Mut.  : .       Rnd.Telep. : +   (no boots)
Res.Rott. : .       Flight     : .   (no amulet)
Saprovore : . . .                    m - cursed ring of fire
                                     k - cursed ring of teleportation

@: slightly resistant to hostile enchantments, extremely unstealthy
A: -10% mp, AC +3
a: Evoke Teleportation


You were on level 3 of the Dungeon.
You were hungry.

You visited 1 branch of the dungeon, and saw 3 of its levels.

You collected 79 gold pieces.

Inventory:

Hand weapons
 a - a +0,+0 hand axe {=f}
 j - a +0,+1 short sword of venom
 o - a cursed +0,-2 mace (weapon)
Armour
 c - a cursed +0 shield (worn)
 e - a +0 chain mail (worn)
 f - a +2 elven cloak (worn)
Comestibles
 d - 4 bread rations
 u - a meat ration
Scrolls
 b - a scroll of blinking
 g - a scroll of remove curse {unknown}
 l - a scroll of enchant weapon II {unknown}
 w - a scroll of magic mapping
Jewellery
 k - a cursed ring of teleportation (left hand)
 m - a cursed ring of fire (right hand)
 t - an uncursed ring of positive energy {unknown}
Potions
 i - a potion of resistance
 n - a potion of curing
 q - a potion of mutation
 r - a potion of restore abilities {unknown}


   Skills:
 - Level 3.0 Fighting
 - Level 2.1 Axes
 * Level 1.3 Maces & Flails
 - Level 2.6 Armour
 * Level 3.1 Dodging
 - Level 2.6 Shields


You had 3 spell levels left.
You didn't know any spells.

Dungeon Overview and Level Annotations

Branches:
Dungeon (3/27)

Altars:
Vehumet

Annotations:
D:3 Sigmund


Innate Abilities, Weirdness & Mutations

You are mostly covered in thin metallic scales (AC +3).
Your magical capacity is low (-10% MP).


Message History

The adder bites you but does no damage.
You miss the adder.
The adder is severely wounded.
The adder bites you but does no damage. It hits you.
You block the adder's attack.
You miss the adder.
The adder is severely wounded.
The adder barely misses you. It hits you.
* * * LOW HITPOINT WARNING * * *
The adder barely misses you.
You hit the adder.
The adder is almost dead.
The adder bites you but does no damage. It hits you but does no damage.
You block the adder's attack.
Unknown command.
You feel extremely strange.
You feel less energetic.
You feel a little hungry.
Your metabolism slows.
It was a potion of mutation.
The adder bites you but does no damage. It hits you!
You die...

##.##..#.#.#.#.#...#.♣♣♣
.....%.#.....#........♣♣♣
.#.###.#.###.###.......♣.
.......#.......#...#..♣.♣
..................## ♣♣
....<.....####.#..#
.#...####......#..#
...### ########..# .###..
...^....@S# ...#.#
###+######........ .#.#.#
#..... .#.....
.#.#.###...... .......
......##......# ....###
...#..##......#. ....#
####............ ....#
................ .#.#
#####...........#.


You could see an adder.

Vanquished Creatures
  4 adders
  An ooze (D:1)
  11 bats
  3 giant cockroaches
  6 goblins
  7 hobgoblins
  3 quokkas
  2 giant newts (D:1)
  7 kobolds
  4 rats
48 creatures vanquished.

Notes
Turn   | Place    | Note
--------------------------------------------------------------
     0 | D:1      | Nicoed, the Demonspawn Fighter, began the quest for the Orb.
     0 | D:1      | Reached XP level 1. HP: 18/18 MP: 0/0
   114 | D:1      | Reached skill level 1 in Dodging
   203 | D:1      | Gained mutation: You are partially covered in thin metallic scales (AC +2). [demonic ancestry]
   203 | D:1      | Reached XP level 2. HP: 22/24 MP: 1/1
   737 | D:2      | Gained mutation: You are mostly covered in thin metallic scales (AC +3). [demonic ancestry]
   737 | D:2      | Reached XP level 3. HP: 23/30 MP: 2/2
  1170 | D:2      | Reached skill level 1 in Maces & Flails
  1540 | D:3      | Found a radiant altar of Vehumet.
  1556 | D:3      | Reached XP level 4. HP: 31/36 MP: 3/3
  1694 | D:3      | Noticed Sigmund
  1710 | D:3      | Gained mutation: Your magical capacity is low (-10% MP). [potion of mutation]
  1710 | D:3      | Gained mutation: You have a fast metabolism. [potion of mutation]
  1710 | D:3      | Lost mutation: You have a fast metabolism. [potion of mutation]
  1710 | D:3      | Slain by Sigmund

Action                   |  1- 3 |  4- 6 || total
-------------------------+-------+-------++-------
Melee: Hand axe          |    93 |       ||    93
       Mace              |   100 |    31 ||   131
  Use: Scroll            |     8 |       ||     8
       Potion            |       |     4 ||     4
